Condors vs Bears
Created - May 14, 2023 at 10:12
Goals
|
| Condors |
2 |
2 |
1 |
0 |
1 |
5 |
| Bears |
2 |
1 |
2 |
0 |
2 |
6 |
|
Shots
|
| Condors |
11 |
17 |
11 |
0 |
3 |
39 |
| Bears |
19 |
4 |
17 |
0 |
3 |
40 |
|
1st period
1. Condors , Mark Jankowski 27 (Jack Dougherty 21, Carter Hart) at 4:15 (SH)
2. Bears , Mike Hoffman 25 (Mikko Vainonen 28) at 13:41
3. Bears , Max Friberg 33 (Kerby Rychel 51, Austin Czarnik 12) at 16:13
4. Condors , Tyler Bozak 17 (Jake Virtanen 32, Brett Lernout 30) at 19:30
Penalties :
Jake Virtanen (Bak) for Tripping (Minor) at 3:20, Mikko Vainonen (Her) for Holding (Minor) at 19:39
2nd period
5. Bears , Angelo Esposito 14 (Nicolas Aube-Kubel 39, A.J. Jenks 33) at 2:18
6. Condors , Kailer Yamamoto 13 (Patrik Laine 21, Phil McRae 22) at 5:06
7. Condors , Jake Virtanen 32 (Robby Fabbri 39, Tyler Bozak 19) at 9:27
Penalties :
Zac Leslie (Bak) for Holding (Minor) at 2:45, Derek Forbort (Her) for Tripping (Minor) at 10:13
3rd period
8. Bears , Sam Carrick 32 (Max Friberg 45) at 0:04
9. Bears , Joshua Leivo 20 (Vincent Dunn 16) at 16:47
10. Condors , Phil McRae 19 (Brett Lernout 31) at 17:27
Penalties :
No Penalty
Overtime #1
No Goal
Penalties :
No Penalty
Shootout
Condors, Anton Slepyshev - Goal!
Bears, Joshua Leivo - Goal!
Condors, Jake Virtanen - Stopped by Sami Aittokallio
Bears, Nicolas Aube-Kubel - Shot Misses the Net
Condors, Robby Fabbri - Stopped by Sami Aittokallio
Bears, A.J. Jenks - Goal!
Penalties :
No Penalty
Goalie Stats
Carter Hart (Bak), 35 saves from 40 shots - (0.875), OTL, 24-14-7, 65:00 minutes
Sami Aittokallio (Her), 34 saves from 39 shots - (0.872), W, 17-7-2, 65:00 minutes
Players Stats for Condors
Player Name G A P +/- PIM S H SB GA TA FO MP PP MP PK MP
------------------------------------------------------------------------------------
Adam Erne 0 0 0 -1 0 2 0 0 0 0 0/0 9:19 0:00 0:00
Alexandre Carrier 0 0 0 -2 0 2 1 0 0 1 0/0 20:45 1:25 1:00
Anton Slepyshev 0 0 0 -1 0 2 0 0 1 0 0/0 22:11 2:25 2:50
Brett Lernout 0 2 2 2 0 0 1 3 1 2 0/0 28:19 2:33 2:58
Clayton Keller 0 0 0 -1 0 3 0 0 0 0 0/0 7:07 0:00 0:00
Emil Djuse 0 0 0 -1 0 0 0 1 0 0 0/0 13:00 0:00 1:32
Jack Dougherty 0 1 1 -2 0 0 0 1 1 0 0/0 20:45 1:25 1:00
Jake Virtanen 1 1 2 1 2 7 1 1 0 0 1/2 21:01 2:25 0:00
Jesse Puljujarvi 0 0 0 -1 0 1 0 0 1 0 0/0 16:27 1:33 0:00
Jordan Subban 0 0 0 1 0 0 0 0 0 0 0/0 5:34 0:00 0:00
Kailer Yamamoto 1 0 1 0 0 1 1 0 0 0 0/0 11:03 0:00 0:00
Mark Jankowski 1 0 1 -1 0 4 4 1 0 0 12/28 22:09 2:25 2:47
Michael Rasmussen 0 0 0 -1 0 0 1 0 0 0 2/3 8:00 0:00 0:00
Nikolai Knyzhov 0 0 0 1 0 0 0 0 0 0 0/0 4:28 0:00 0:00
Patrik Laine 0 1 1 0 0 4 0 0 0 0 0/0 10:47 0:00 0:00
Phil McRae 1 1 2 0 0 2 0 1 1 0 5/10 12:21 0:00 0:00
Philippe Myers 0 0 0 -1 0 0 0 0 0 1 0/0 10:22 0:00 0:00
Robby Fabbri 0 1 1 2 0 8 3 0 0 0 3/4 22:29 1:33 0:57
Tyler Bozak 1 1 2 2 0 2 2 1 0 1 14/28 22:59 1:33 1:22
Zac Leslie 0 0 0 2 2 1 1 1 1 1 0/0 26:54 2:33 1:26
Players Stats for Bears
Player Name G A P +/- PIM S H SB GA TA FO MP PP MP PK MP
------------------------------------------------------------------------------------
A.J. Jenks 0 1 1 -1 0 2 2 0 0 1 1/1 19:37 1:46 0:39
Angelo Esposito 1 0 1 -1 0 4 1 0 0 1 9/20 19:45 1:46 0:43
Austin Czarnik 0 1 1 0 0 2 1 0 0 0 0/0 8:19 0:00 0:00
Colby Cave 0 0 0 0 0 0 0 0 0 0 3/5 9:35 0:00 0:00
Derek Forbort 0 0 0 -2 2 2 1 1 1 0 0/0 21:26 1:43 1:00
Gianluca Curcuruto 0 0 0 3 0 0 1 0 0 1 0/0 12:10 0:00 0:00
Jamie McGinn 0 0 0 0 0 3 1 0 1 0 0/0 9:54 0:00 0:43
Joey Laleggia 0 0 0 -1 0 0 1 0 2 1 0/0 30:32 2:15 2:28
Joshua Leivo 1 0 1 0 0 3 2 0 0 0 0/1 11:06 0:00 0:00
Kerby Rychel 0 1 1 1 0 4 0 0 1 0 3/3 19:27 2:12 0:00
Max Friberg 1 1 2 1 0 3 0 0 0 0 3/4 23:58 2:12 2:36
Michael Prapavessis 0 0 0 3 0 0 0 1 0 1 0/0 14:40 0:00 1:55
Mike Hoffman 1 0 1 0 0 1 1 1 0 0 0/0 10:34 0:00 0:00
Mikko Vainonen 0 1 1 -1 2 2 0 0 0 0 0/0 28:52 2:15 1:03
Nicolas Aube-Kubel 0 1 1 -1 0 8 1 0 1 1 0/0 19:31 1:46 0:43
Sam Carrick 1 0 1 1 0 4 1 2 0 0 15/35 23:42 2:12 2:32
Tommy Vannelli 0 0 0 -2 0 2 0 1 0 0 0/0 22:18 1:43 1:30
Vincent Dunn 0 1 1 0 0 0 0 0 0 0 4/6 10:34 0:00 0:00
3 Stars
1 - Tyler Bozak (Bak)
2 - Max Friberg (Her)
3 - Brett Lernout (Bak)
Power Play
Condors - 0 on 2 Attempt(s) - 0.00%
Bears - 0 on 2 Attempt(s) - 0.00%
Penalty Kill
Condors - 2 on 2 Attempt(s) - 100.00%
- Score 1 goal in Penalty Kill
Bears - 2 on 2 Attempt(s) - 100.00%
- Score 0 goal in Penalty Kill
Team Stat
Condors - Hits : 15 - Faceoff Wins : 37 - Blocked Shots : 10 - Penalty Minutes : 4
Bears - Hits : 13 - Faceoff Wins : 38 - Blocked Shots : 6 - Penalty Minutes : 4
Official
Referees : Garrett Rank and Steve Kozari
Linesman : Travis Toomey and Brad Kovachik
Game Notes
No Game Note
Finance
Level 1 -- Attendance: 2000 (100.00%) -- Ticket Income $70,000
Level 2 -- Attendance: 964 (96.40%) -- Ticket Income $14,460
Total Attendance: 2964 (98.80%)
Total Ticket Income: $84,460
Other Income: $4,223
Total Income: $88,683
Condors
5 vs 5 Forward
Center Left Wing Right Wing Time % Phy DF OF
1 Tyler Bozak Robby Fabbri Jake Virtanen 40 1 2 2
2 Mark Jankowski Anton Slepyshev Jesse Puljujarvi 30 1 2 2
3 Phil McRae Patrik Laine Kailer Yamamoto 20 1 2 2
4 Michael Rasmussen Adam Erne Clayton Keller 10 1 2 2
5 vs 5 Defense
Defense Defense Time % Phy DF OF
1 Zac Leslie Brett Lernout 40 1 2 2
2 Alexandre Carrier Jack Dougherty 30 1 2 2
3 Philippe Myers Emil Djuse 20 1 2 2
4 Jordan Subban Nikolai Knyzhov 10 1 2 2
PowerPlay Forward
Center Left Wing Right Wing Time % Phy DF OF
1 Mark Jankowski Anton Slepyshev Jake Virtanen 60 1 2 2
2 Tyler Bozak Robby Fabbri Jesse Puljujarvi 40 1 2 2
PowerPlay Defense
Defense Defense Time % Phy DF OF
1 Zac Leslie Brett Lernout 60 1 2 2
2 Alexandre Carrier Jack Dougherty 40 1 2 2
Penalty Kill 4 Players Forward
Center Wing Time % Phy DF OF
1 Mark Jankowski Anton Slepyshev 60 1 2 2
2 Tyler Bozak Robby Fabbri 40 1 2 2
Penalty Kill 4 Players Defense
Defense Defense Time % Phy DF OF
1 Zac Leslie Brett Lernout 60 1 2 2
2 Alexandre Carrier Jack Dougherty 40 1 2 2
Penalty Kill - 3 Players Forward
Forward Time % Phy DF OF
1 Mark Jankowski 60 1 2 2
2 Tyler Bozak 40 1 2 2
Penalty Kill - 3 Players Defense
Defense Defense Time % Phy DF OF
1 Zac Leslie Brett Lernout 60 1 2 2
2 Alexandre Carrier Jack Dougherty 40 1 2 2
4 vs 4 Forward
Center Wing Time % Phy DF OF
1 Mark Jankowski Anton Slepyshev 60 1 2 2
2 Tyler Bozak Robby Fabbri 40 1 2 2
4 vs 4 Defense
Defense Defense Time % Phy DF OF
1 Zac Leslie Brett Lernout 60 1 2 2
2 Alexandre Carrier Jack Dougherty 40 1 2 2
Last Minutes Offensive
Center Left Wing Right Wing Defense Defense
Mark Jankowski Anton Slepyshev Jake Virtanen Zac Leslie Brett Lernout
Last Minutes Defensive
Center Left Wing Right Wing Defense Defense
Mark Jankowski Anton Slepyshev Jake Virtanen Zac Leslie Brett Lernout
Goaltenders
Starting : Carter Hart
Backup : Mikko Koskinen
Extra Forwards
Normal : Tyler Bozak, Adam Erne, Phil McRae - PP : Tyler Bozak, Adam Erne - PK : Tyler Bozak
Extra Defensemen
Normal : Emil Djuse, Jordan Subban, Nikolai Knyzhov - PP : Emil Djuse - PK : Emil Djuse, Jordan Subban
Penalty Shots
Anton Slepyshev, Jake Virtanen, Robby Fabbri, Mark Jankowski, Tyler Bozak
Scratches
Christian Thomas (Healthy), Cole Cassels (Healthy), Colin White (Healthy), Connor Hurley (Healthy), Gustav Olofsson (Groin Injury)
Jeremy Gregoire (Healthy), Robin Salo (Healthy), Remi Elie (Healthy), Taro Hirose (Healthy), Kiefer Sherwood (Healthy)
Lucas Johansen (Healthy), C.J. Smith (Healthy), Jack Campbell (Healthy), Arvid Soderblom (Healthy)
Bears
5 vs 5 Forward
Center Left Wing Right Wing Time % Phy DF OF
1 Sam Carrick Kerby Rychel Max Friberg 40 0 0 5
2 Angelo Esposito A.J. Jenks Nicolas Aube-Kubel 30 0 0 5
3 Vincent Dunn Mike Hoffman Joshua Leivo 20 0 1 4
4 Colby Cave Jamie McGinn Austin Czarnik 10 0 2 3
5 vs 5 Defense
Defense Defense Time % Phy DF OF
1 Joey Laleggia Mikko Vainonen 40 0 2 3
2 Tommy Vannelli Derek Forbort 30 0 3 2
3 Gianluca Curcuruto Michael Prapavessis 20 0 3 2
4 Joey Laleggia Mikko Vainonen 10 0 3 2
PowerPlay Forward
Center Left Wing Right Wing Time % Phy DF OF
1 Sam Carrick Kerby Rychel Max Friberg 60 0 0 5
2 Angelo Esposito A.J. Jenks Nicolas Aube-Kubel 40 0 0 5
PowerPlay Defense
Defense Defense Time % Phy DF OF
1 Joey Laleggia Mikko Vainonen 60 0 2 3
2 Tommy Vannelli Derek Forbort 40 0 2 3
Penalty Kill 4 Players Forward
Center Wing Time % Phy DF OF
1 Sam Carrick Max Friberg 60 0 4 1
2 Jamie McGinn Nicolas Aube-Kubel 40 0 4 1
Penalty Kill 4 Players Defense
Defense Defense Time % Phy DF OF
1 Joey Laleggia Mikko Vainonen 60 0 4 1
2 Tommy Vannelli Derek Forbort 40 0 4 1
Penalty Kill - 3 Players Forward
Forward Time % Phy DF OF
1 Sam Carrick 60 0 5 0
2 Max Friberg 40 0 5 0
Penalty Kill - 3 Players Defense
Defense Defense Time % Phy DF OF
1 Joey Laleggia Mikko Vainonen 60 0 5 0
2 Tommy Vannelli Derek Forbort 40 0 5 0
4 vs 4 Forward
Center Wing Time % Phy DF OF
1 Sam Carrick Max Friberg 60 0 0 5
2 Angelo Esposito Kerby Rychel 40 0 0 5
4 vs 4 Defense
Defense Defense Time % Phy DF OF
1 Joey Laleggia Mikko Vainonen 60 0 2 3
2 Tommy Vannelli Derek Forbort 40 0 3 2
Last Minutes Offensive
Center Left Wing Right Wing Defense Defense
Sam Carrick Kerby Rychel Max Friberg Joey Laleggia Mikko Vainonen
Last Minutes Defensive
Center Left Wing Right Wing Defense Defense
Sam Carrick Jamie McGinn Max Friberg Joey Laleggia Mikko Vainonen
Goaltenders
Starting : Sami Aittokallio
Backup : Jake Allen
Extra Forwards
Normal : Max Friberg, Nicolas Aube-Kubel, Sam Carrick - PP : Max Friberg, Sam Carrick - PK : Max Friberg
Extra Defensemen
Normal : Gianluca Curcuruto, Michael Prapavessis, Tommy Vannelli - PP : Gianluca Curcuruto - PK : Michael Prapavessis, Tommy Vannelli
Penalty Shots
Joshua Leivo, Nicolas Aube-Kubel, A.J. Jenks, Max Friberg, Sam Carrick
Scratches
Austin Wuthrich (Healthy), Brett Bulmer (Healthy), Emil Johansson (Healthy), Jesper Pettersson (Healthy), David Farrance (Healthy)
Mackenze Stewart (Healthy), Zack Hayes (Healthy), Jacob Bryson (Healthy), Mario Ferraro (Healthy), Will Reilly (Healthy)
Kristians Rubins (Healthy), Nikolay Prokhorkin (Healthy), Ryan Graves (Healthy), Isaac Ratcliffe (Healthy), Cole Smith (Healthy)
Warren Foegele (Healthy), Logan O'Connor (Healthy), Nicholas Caamano (Healthy), Jakob Stenqvist (Healthy), Arvid Henrikson (Healthy)
Kirill Maksimov (Healthy)
% Time on Ice - Condors
Lines # - Real PCT - Wanted PCT - Time Play
Normal Forward
1 - 37% - 40% - 19:08
2 - 29% - 30% - 15:02
3 - 21% - 20% - 10:47
4 - 14% - 10% - 7:07
Normal Defense
1 - 40% - 40% - 20:44
2 - 32% - 30% - 16:30
3 - 20% - 20% - 10:22
4 - 9% - 10% - 4:28
PP Forward
1 - 61% - 60% - 2:25
2 - 39% - 40% - 1:33
PP Defense
1 - 64% - 60% - 2:33
2 - 36% - 40% - 1:25
PK Forward
1 - 76% - 60% - 3:01
2 - 24% - 40% - 0:57
PK Defense
1 - 75% - 60% - 2:58
2 - 25% - 40% - 1:00
PK3 Forward
1 - 0% - 60%
2 - 0% - 40%
PK3 Defense
1 - 0% - 60%
2 - 0% - 40%
44 Forward
1 - 85% - 60% - 4:15
2 - 15% - 40% - 0:45
44 Defense
1 - 63% - 60% - 3:10
2 - 37% - 40% - 1:50
Last Minute Offensive - 0:00
Last Minute Defensive - 0:00
Total
Forward - 65:00
Defense - 65:00
|
% Time on Ice - Bears
Lines # - Real PCT - Wanted PCT - Time Play
Normal Forward
1 - 33% - 40% - 16:59
2 - 31% - 30% - 16:12
3 - 20% - 20% - 10:34
4 - 16% - 10% - 8:19
Normal Defense
1 - 40% - 40% - 20:55
2 - 33% - 30% - 17:13
3 - 21% - 20% - 10:59
4 - 6% - 10% - 2:57
PP Forward
1 - 55% - 60% - 2:12
2 - 45% - 40% - 1:46
PP Defense
1 - 57% - 60% - 2:15
2 - 43% - 40% - 1:43
PK Forward
1 - 82% - 60% - 3:15
2 - 18% - 40% - 0:43
PK Defense
1 - 62% - 60% - 2:28
2 - 38% - 40% - 1:30
PK3 Forward
1 - 0% - 60%
2 - 0% - 40%
PK3 Defense
1 - 0% - 60%
2 - 0% - 40%
44 Forward
1 - 95% - 60% - 4:44
2 - 5% - 40% - 0:16
44 Defense
1 - 63% - 60% - 3:08
2 - 37% - 40% - 1:52
Last Minute Offensive - 0:00
Last Minute Defensive - 0:00
Total
Forward - 65:00
Defense - 65:00
|
Play-by-Play
1st period
0:01 of 1st period - Max Friberg wins face-off versus Tyler Bozak in neutral zone.
0:04 of 1st period - Snap shot by Kerby Rychel.
0:04 of 1st period - Stopped by Carter Hart with a rebound.
1:28 of 1st period - Gianluca Curcuruto is hit by Michael Rasmussen and loses puck.
2:21 of 1st period - Snap shot by Joshua Leivo.
2:21 of 1st period - Stopped by Carter Hart without a rebound.
2:22 of 1st period - Jake Virtanen wins face-off versus Angelo Esposito in Condors zone.
2:22 of 1st period - Jake Virtanen is hit by Angelo Esposito.
2:58 of 1st period - Snap shot by Phil McRae.
2:58 of 1st period - Stopped by Sami Aittokallio without a rebound.
2:59 of 1st period - Tyler Bozak wins face-off versus Sam Carrick in Bears zone.
3:20 of 1st period - Minor Penalty to Jake Virtanen for Tripping.
3:21 of 1st period - Mark Jankowski wins face-off versus Sam Carrick in Condors zone.
4:15 of 1st period - Wrist shot by Mark Jankowski.
4:15 of 1st period - Goal by Mark Jankowski - Condors : 1 - Bears : 0.
4:16 of 1st period - Mark Jankowski wins face-off versus Sam Carrick in neutral zone.
4:34 of 1st period - Icing by Sam Carrick.
4:35 of 1st period - Sam Carrick wins face-off versus Tyler Bozak in Bears zone.
4:42 of 1st period - Wrist shot by Kerby Rychel.
4:42 of 1st period - Stopped by Carter Hart with a rebound.
4:54 of 1st period - Snap shot by Max Friberg.
4:54 of 1st period - Deflect By Mark Jankowski.
4:54 of 1st period - Shot Blocked by Jack Dougherty.
4:54 of 1st period - Puck is out of play.
4:55 of 1st period - Angelo Esposito wins face-off versus Mark Jankowski in Condors zone.
4:56 of 1st period - Snap shot by Nicolas Aube-Kubel.
4:56 of 1st period - Stopped by Carter Hart with a rebound.
5:00 of 1st period - Snap shot by Nicolas Aube-Kubel.
5:00 of 1st period - Stopped by Carter Hart with a rebound.
5:02 of 1st period - Slapshot by Nicolas Aube-Kubel.
5:02 of 1st period - Stopped by Carter Hart without a rebound.
5:03 of 1st period - Angelo Esposito wins face-off versus Mark Jankowski in Condors zone.
5:08 of 1st period - Backhand shot by Nicolas Aube-Kubel.
5:08 of 1st period - Stopped by Carter Hart with a rebound.
5:10 of 1st period - Wrist shot by Angelo Esposito.
5:10 of 1st period - Stopped by Carter Hart with a rebound.
5:18 of 1st period - Snap shot by Nicolas Aube-Kubel.
5:18 of 1st period - Shot Misses the Net.
5:20 of 1st period - Penalty to Jake Virtanen is over, Jake Virtanen is back on ice.
5:36 of 1st period - Wrist shot by Joshua Leivo.
5:36 of 1st period - Shot Misses the Net.
5:38 of 1st period - Slapshot by Derek Forbort.
5:38 of 1st period - Stopped by Carter Hart with a rebound.
5:40 of 1st period - Snap shot by Joshua Leivo.
5:40 of 1st period - Stopped by Carter Hart with a rebound.
5:58 of 1st period - Snap shot by Patrik Laine.
5:58 of 1st period - Stopped by Sami Aittokallio with a rebound.
6:18 of 1st period - Slapshot by Clayton Keller.
6:18 of 1st period - Stopped by Sami Aittokallio without a rebound.
6:19 of 1st period - Tyler Bozak wins face-off versus Angelo Esposito in Bears zone.
6:24 of 1st period - Wrist shot by Tyler Bozak.
6:24 of 1st period - Stopped by Sami Aittokallio with a rebound.
6:32 of 1st period - Snap shot by Jake Virtanen.
6:32 of 1st period - Shot Misses the Net.
7:51 of 1st period - Gianluca Curcuruto is hit by Robby Fabbri and loses puck.
9:48 of 1st period - Snap shot by Austin Czarnik.
9:48 of 1st period - Stopped by Carter Hart without a rebound.
9:49 of 1st period - Colby Cave wins face-off versus Phil McRae in Condors zone.
10:14 of 1st period - Snap shot by Patrik Laine.
10:14 of 1st period - Stopped by Sami Aittokallio with a rebound.
11:15 of 1st period - Snap shot by Austin Czarnik.
11:15 of 1st period - Shot Misses the Net.
11:17 of 1st period - Slapshot by Tommy Vannelli.
11:17 of 1st period - Stopped by Carter Hart with a rebound.
11:19 of 1st period - Snap shot by Jamie McGinn.
11:19 of 1st period - Stopped by Carter Hart with a rebound.
11:40 of 1st period - Icing by Tyler Bozak.
11:41 of 1st period - Tyler Bozak wins face-off versus Angelo Esposito in Condors zone.
11:55 of 1st period - Tyler Bozak is hit by A.J. Jenks and loses puck.
12:16 of 1st period - Slapshot by Mikko Vainonen.
12:16 of 1st period - Stopped by Carter Hart without a rebound.
12:17 of 1st period - Angelo Esposito wins face-off versus Mark Jankowski in Condors zone.
12:18 of 1st period - Wrist shot by A.J. Jenks.
12:18 of 1st period - Shot Misses the Net.
12:20 of 1st period - Backhand shot by A.J. Jenks.
12:20 of 1st period - Shot Blocked by Mark Jankowski.
12:22 of 1st period - Slapshot by Derek Forbort.
12:22 of 1st period - Shot Misses the Net.
12:24 of 1st period - Slapshot by A.J. Jenks.
12:24 of 1st period - Shot Misses the Net.
12:26 of 1st period - Snap shot by Angelo Esposito.
12:26 of 1st period - Stopped by Carter Hart without a rebound.
12:27 of 1st period - Mark Jankowski wins face-off versus Angelo Esposito in Condors zone.
13:08 of 1st period - Snap shot by A.J. Jenks.
13:08 of 1st period - Stopped by Carter Hart without a rebound.
13:09 of 1st period - Robby Fabbri wins face-off versus Sam Carrick in Condors zone.
13:41 of 1st period - Snap shot by Mike Hoffman.
13:41 of 1st period - Goal by Mike Hoffman - Condors : 1 - Bears : 1.
13:42 of 1st period - Tyler Bozak wins face-off versus Sam Carrick in neutral zone.
13:45 of 1st period - Wrist shot by Robby Fabbri.
13:45 of 1st period - Stopped by Sami Aittokallio with a rebound.
13:55 of 1st period - Snap shot by Max Friberg.
13:55 of 1st period - Stopped by Carter Hart without a rebound.
13:56 of 1st period - Kerby Rychel wins face-off versus Mark Jankowski in Condors zone.
14:21 of 1st period - Brett Lernout is hit by A.J. Jenks and loses puck.
14:28 of 1st period - Joey Laleggia is hit by Tyler Bozak and loses puck.
14:32 of 1st period - Icing by Mikko Vainonen.
14:33 of 1st period - Mark Jankowski wins face-off versus Angelo Esposito in Bears zone.
14:36 of 1st period - Slapshot by Jesse Puljujarvi.
14:36 of 1st period - Deflect By Mark Jankowski.
14:36 of 1st period - Shot Misses the Net.
14:36 of 1st period - Puck is out of play.
14:37 of 1st period - Sam Carrick wins face-off versus Mark Jankowski in Bears zone.
14:52 of 1st period - Wrist shot by Mark Jankowski.
14:52 of 1st period - Shot Blocked by Tommy Vannelli.
15:02 of 1st period - Jake Virtanen is hit by Derek Forbort and loses puck.
15:13 of 1st period - Wrist shot by A.J. Jenks.
15:13 of 1st period - Shot Misses the Net.
16:13 of 1st period - Snap shot by Max Friberg.
16:13 of 1st period - Goal by Max Friberg - Condors : 1 - Bears : 2.
16:14 of 1st period - Tyler Bozak wins face-off versus Sam Carrick in neutral zone.
16:17 of 1st period - Max Friberg is hit by Tyler Bozak and loses puck.
16:58 of 1st period - Snap shot by Patrik Laine.
16:58 of 1st period - Shot Misses the Net.
17:06 of 1st period - Phil McRae is hit by Joshua Leivo and loses puck.
17:25 of 1st period - Snap shot by Clayton Keller.
17:25 of 1st period - Stopped by Sami Aittokallio with a rebound.
17:27 of 1st period - Snap shot by Adam Erne.
17:27 of 1st period - Shot Blocked by Michael Prapavessis.
17:44 of 1st period - Snap shot by Robby Fabbri.
17:44 of 1st period - Stopped by Sami Aittokallio with a rebound.
18:50 of 1st period - Wrist shot by Robby Fabbri.
18:50 of 1st period - Stopped by Sami Aittokallio without a rebound.
18:51 of 1st period - Mark Jankowski wins face-off versus Sam Carrick in Bears zone.
19:04 of 1st period - Kerby Rychel is hit by Mark Jankowski and loses puck.
19:14 of 1st period - Icing by Jesse Puljujarvi.
19:15 of 1st period - Angelo Esposito wins face-off versus Mark Jankowski in Condors zone.
19:30 of 1st period - Wrist shot by Jake Virtanen.
19:30 of 1st period - Deflect By Tyler Bozak.
19:30 of 1st period - Goal by Tyler Bozak - Condors : 2 - Bears : 2.
19:31 of 1st period - Robby Fabbri wins face-off versus Sam Carrick in neutral zone.
19:39 of 1st period - Minor Penalty to Mikko Vainonen for Holding.
19:40 of 1st period - Max Friberg wins face-off versus Mark Jankowski in Bears zone.
19:40 of 1st period - Max Friberg is hit by Jake Virtanen.
Goals for this period are 2 for Condors vs 2 for Bears.
Shots for this period are 11 for Condors vs 19 for Bears.
2nd period
0:01 of 2nd period - Mark Jankowski wins face-off versus Sam Carrick in neutral zone.
0:35 of 2nd period - Snap shot by Robby Fabbri.
0:35 of 2nd period - Stopped by Sami Aittokallio with a rebound.
1:39 of 2nd period - Penalty to Mikko Vainonen is over, Mikko Vainonen is back on ice.
2:00 of 2nd period - Slapshot by Jamie McGinn.
2:00 of 2nd period - Stopped by Carter Hart without a rebound.
2:01 of 2nd period - Colby Cave wins face-off versus Phil McRae in Condors zone.
2:04 of 2nd period - Wrist shot by Austin Czarnik.
2:04 of 2nd period - Stopped by Carter Hart without a rebound.
2:05 of 2nd period - Phil McRae wins face-off versus Angelo Esposito in Condors zone.
2:18 of 2nd period - Snap shot by Angelo Esposito.
2:18 of 2nd period - Goal by Angelo Esposito - Condors : 2 - Bears : 3.
2:19 of 2nd period - Sam Carrick wins face-off versus Tyler Bozak in neutral zone.
2:45 of 2nd period - Minor Penalty to Zac Leslie for Holding.
2:46 of 2nd period - Mark Jankowski wins face-off versus Sam Carrick in Condors zone.
3:15 of 2nd period - Snap shot by Angelo Esposito.
3:15 of 2nd period - Shot Misses the Net.
3:17 of 2nd period - Wrist shot by Mikko Vainonen.
3:17 of 2nd period - Shot Misses the Net.
3:19 of 2nd period - Snap shot by A.J. Jenks.
3:19 of 2nd period - Shot Misses the Net.
3:21 of 2nd period - Slapshot by Joey Laleggia.
3:21 of 2nd period - Shot Blocked by Brett Lernout.
3:54 of 2nd period - Icing by Tommy Vannelli.
3:55 of 2nd period - Tyler Bozak wins face-off versus Angelo Esposito in Bears zone.
4:45 of 2nd period - Penalty to Zac Leslie is over, Zac Leslie is back on ice.
5:06 of 2nd period - Snap shot by Kailer Yamamoto.
5:06 of 2nd period - Goal by Kailer Yamamoto - Condors : 3 - Bears : 3.
5:07 of 2nd period - Tyler Bozak wins face-off versus Sam Carrick in neutral zone.
5:10 of 2nd period - Snap shot by Tyler Bozak.
5:10 of 2nd period - Shot Blocked by Derek Forbort.
6:03 of 2nd period - Anton Slepyshev is hit by Mike Hoffman and loses puck.
6:40 of 2nd period - Off-side.
6:41 of 2nd period - Mark Jankowski wins face-off versus Angelo Esposito in neutral zone.
7:12 of 2nd period - Snap shot by Jake Virtanen.
7:12 of 2nd period - Shot Misses the Net.
7:14 of 2nd period - Snap shot by Brett Lernout.
7:14 of 2nd period - Deflect By Robby Fabbri.
7:14 of 2nd period - Stopped by Sami Aittokallio without a rebound.
7:15 of 2nd period - Tyler Bozak wins face-off versus Sam Carrick in Bears zone.
7:18 of 2nd period - Snap shot by Robby Fabbri.
7:18 of 2nd period - Shot Blocked by Sam Carrick.
8:26 of 2nd period - Wrist shot by Jake Virtanen.
8:26 of 2nd period - Shot Misses the Net.
8:50 of 2nd period - Tyler Bozak is hit by Nicolas Aube-Kubel and loses puck.
9:27 of 2nd period - Snap shot by Jake Virtanen.
9:27 of 2nd period - Goal by Jake Virtanen - Condors : 4 - Bears : 3.
9:28 of 2nd period - Sam Carrick wins face-off versus Mark Jankowski in neutral zone.
9:35 of 2nd period - Slapshot by Mark Jankowski.
9:35 of 2nd period - Stopped by Sami Aittokallio without a rebound.
9:36 of 2nd period - Max Friberg wins face-off versus Mark Jankowski in Bears zone.
10:01 of 2nd period - Snap shot by Patrik Laine.
10:01 of 2nd period - Shot Misses the Net.
10:11 of 2nd period - Snap shot by Patrik Laine.
10:11 of 2nd period - Shot Misses the Net.
10:13 of 2nd period - Minor Penalty to Derek Forbort for Tripping.
10:14 of 2nd period - Sam Carrick wins face-off versus Jake Virtanen in Bears zone.
10:27 of 2nd period - Max Friberg is hit by Mark Jankowski.
10:36 of 2nd period - Icing by Zac Leslie.
10:37 of 2nd period - Sam Carrick wins face-off versus Mark Jankowski in Condors zone.
10:52 of 2nd period - Wrist shot by Mark Jankowski.
10:52 of 2nd period - Stopped by Sami Aittokallio without a rebound.
10:53 of 2nd period - Tyler Bozak wins face-off versus Sam Carrick in Bears zone.
12:13 of 2nd period - Penalty to Derek Forbort is over, Derek Forbort is back on ice.
12:24 of 2nd period - Mike Hoffman is hit by Kailer Yamamoto and loses puck.
12:45 of 2nd period - Slapshot by Adam Erne.
12:45 of 2nd period - Shot Misses the Net.
12:47 of 2nd period - Slapshot by Philippe Myers.
12:47 of 2nd period - Deflect By Adam Erne.
12:47 of 2nd period - Shot Misses the Net.
12:47 of 2nd period - Puck is out of play.
12:48 of 2nd period - Angelo Esposito wins face-off versus Mark Jankowski in Bears zone.
13:13 of 2nd period - Jake Virtanen is hit by Sam Carrick and loses puck.
13:34 of 2nd period - Slapshot by Zac Leslie.
13:34 of 2nd period - Stopped by Sami Aittokallio without a rebound.
13:35 of 2nd period - Phil McRae wins face-off versus Colby Cave in Bears zone.
13:52 of 2nd period - Kailer Yamamoto is hit by Joey Laleggia and loses puck.
14:15 of 2nd period - Off-side.
14:16 of 2nd period - Tyler Bozak wins face-off versus Sam Carrick in neutral zone.
14:41 of 2nd period - Wrist shot by Anton Slepyshev.
14:41 of 2nd period - Stopped by Sami Aittokallio without a rebound.
14:42 of 2nd period - Mark Jankowski wins face-off versus Angelo Esposito in Bears zone.
15:30 of 2nd period - Joshua Leivo is hit by Brett Lernout and loses puck.
15:37 of 2nd period - Wrist shot by Phil McRae.
15:37 of 2nd period - Deflect By Patrik Laine.
15:37 of 2nd period - Stopped by Sami Aittokallio with a rebound.
16:14 of 2nd period - Snap shot by Jake Virtanen.
16:14 of 2nd period - Stopped by Sami Aittokallio without a rebound.
16:15 of 2nd period - Kerby Rychel wins face-off versus Mark Jankowski in Bears zone.
16:41 of 2nd period - Anton Slepyshev is hit by Joshua Leivo.
16:49 of 2nd period - Wrist shot by Anton Slepyshev.
16:49 of 2nd period - Shot Misses the Net.
16:51 of 2nd period - Slapshot by Anton Slepyshev.
16:51 of 2nd period - Stopped by Sami Aittokallio with a rebound.
17:15 of 2nd period - Wrist shot by Mark Jankowski.
17:15 of 2nd period - Shot Misses the Net.
17:33 of 2nd period - Vincent Dunn is hit by Mark Jankowski and loses puck.
17:48 of 2nd period - Slapshot by Mark Jankowski.
17:48 of 2nd period - Stopped by Sami Aittokallio with a rebound.
17:50 of 2nd period - Wrist shot by Jesse Puljujarvi.
17:50 of 2nd period - Deflect By Anton Slepyshev.
17:50 of 2nd period - Shot Misses the Net.
17:50 of 2nd period - Puck is out of play.
17:51 of 2nd period - Tyler Bozak wins face-off versus Sam Carrick in Bears zone.
17:52 of 2nd period - Snap shot by Jake Virtanen.
17:52 of 2nd period - Stopped by Sami Aittokallio without a rebound.
17:53 of 2nd period - Kerby Rychel wins face-off versus Tyler Bozak in Bears zone.
18:04 of 2nd period - Snap shot by Kerby Rychel.
18:04 of 2nd period - Shot Hit the Post.
18:50 of 2nd period - Snap shot by Patrik Laine.
18:50 of 2nd period - Stopped by Sami Aittokallio with a rebound.
19:08 of 2nd period - Snap shot by Kerby Rychel.
19:08 of 2nd period - Stopped by Carter Hart without a rebound.
19:09 of 2nd period - Michael Rasmussen wins face-off versus Sam Carrick in Condors zone.
19:22 of 2nd period - Wrist shot by Adam Erne.
19:22 of 2nd period - Shot Misses the Net.
19:33 of 2nd period - Slapshot by Adam Erne.
19:33 of 2nd period - Stopped by Sami Aittokallio with a rebound.
19:36 of 2nd period - Icing by Mikko Vainonen.
19:37 of 2nd period - Tyler Bozak wins face-off versus Sam Carrick in Bears zone.
19:44 of 2nd period - Slapshot by Tyler Bozak.
19:44 of 2nd period - Shot Misses the Net.
19:46 of 2nd period - Wrist shot by Jake Virtanen.
19:46 of 2nd period - Stopped by Sami Aittokallio without a rebound.
19:47 of 2nd period - A.J. Jenks wins face-off versus Tyler Bozak in Bears zone.
19:52 of 2nd period - Snap shot by Robby Fabbri.
19:52 of 2nd period - Stopped by Sami Aittokallio without a rebound.
19:53 of 2nd period - Angelo Esposito wins face-off versus Robby Fabbri in Bears zone.
19:53 of 2nd period - Angelo Esposito is hit by Zac Leslie.
Goals for this period are 2 for Condors vs 1 for Bears.
Shots for this period are 17 for Condors vs 4 for Bears.
3rd period
0:01 of 3rd period - Sam Carrick wins face-off versus Tyler Bozak in neutral zone.
0:04 of 3rd period - Snap shot by Sam Carrick.
0:04 of 3rd period - Goal by Sam Carrick - Condors : 4 - Bears : 4.
0:05 of 3rd period - Sam Carrick wins face-off versus Tyler Bozak in neutral zone.
1:22 of 3rd period - Wrist shot by Sam Carrick.
1:22 of 3rd period - Stopped by Carter Hart with a rebound.
1:24 of 3rd period - Slapshot by Max Friberg.
1:24 of 3rd period - Deflect By Sam Carrick.
1:24 of 3rd period - Shot Misses the Net.
1:24 of 3rd period - Puck is out of play.
1:25 of 3rd period - Angelo Esposito wins face-off versus Tyler Bozak in Condors zone.
2:26 of 3rd period - Snap shot by Alexandre Carrier.
2:26 of 3rd period - Deflect By Nicolas Aube-Kubel.
2:26 of 3rd period - Stopped by Sami Aittokallio without a rebound.
2:27 of 3rd period - Sam Carrick wins face-off versus Mark Jankowski in Bears zone.
2:44 of 3rd period - Off-side.
2:45 of 3rd period - Vincent Dunn wins face-off versus Phil McRae in neutral zone.
2:50 of 3rd period - Snap shot by Joshua Leivo.
2:50 of 3rd period - Shot Misses the Net.
2:58 of 3rd period - Wrist shot by Mike Hoffman.
2:58 of 3rd period - Shot Misses the Net.
3:47 of 3rd period - Icing by Tommy Vannelli.
3:48 of 3rd period - Colby Cave wins face-off versus Tyler Bozak in Bears zone.
4:01 of 3rd period - Snap shot by Jake Virtanen.
4:01 of 3rd period - Stopped by Sami Aittokallio without a rebound.
4:02 of 3rd period - Sam Carrick wins face-off versus Tyler Bozak in Bears zone.
4:27 of 3rd period - Slapshot by A.J. Jenks.
4:27 of 3rd period - Stopped by Carter Hart without a rebound.
4:28 of 3rd period - Angelo Esposito wins face-off versus Mark Jankowski in Condors zone.
4:29 of 3rd period - Snap shot by Nicolas Aube-Kubel.
4:29 of 3rd period - Stopped by Carter Hart without a rebound.
4:30 of 3rd period - Mark Jankowski wins face-off versus Angelo Esposito in Condors zone.
4:33 of 3rd period - Snap shot by Nicolas Aube-Kubel.
4:33 of 3rd period - Stopped by Carter Hart without a rebound.
4:34 of 3rd period - Tyler Bozak wins face-off versus Max Friberg in Condors zone.
5:01 of 3rd period - Wrist shot by Nicolas Aube-Kubel.
5:01 of 3rd period - Deflect By Angelo Esposito.
5:01 of 3rd period - Shot Misses the Net.
5:01 of 3rd period - Puck is out of play.
5:02 of 3rd period - Mark Jankowski wins face-off versus Angelo Esposito in Condors zone.
6:02 of 3rd period - Snap shot by Jesse Puljujarvi.
6:02 of 3rd period - Stopped by Sami Aittokallio with a rebound.
6:04 of 3rd period - Wrist shot by Jesse Puljujarvi.
6:04 of 3rd period - Shot Misses the Net.
6:26 of 3rd period - Slapshot by Nicolas Aube-Kubel.
6:26 of 3rd period - Stopped by Carter Hart with a rebound.
6:38 of 3rd period - Mikko Vainonen is hit by Mark Jankowski and loses puck.
6:51 of 3rd period - Slapshot by Angelo Esposito.
6:51 of 3rd period - Stopped by Carter Hart without a rebound.
6:52 of 3rd period - Sam Carrick wins face-off versus Tyler Bozak in Condors zone.
6:57 of 3rd period - Wrist shot by Sam Carrick.
6:57 of 3rd period - Shot Blocked by Tyler Bozak.
6:59 of 3rd period - Backhand shot by Max Friberg.
6:59 of 3rd period - Stopped by Carter Hart with a rebound.
7:01 of 3rd period - Slapshot by Sam Carrick.
7:01 of 3rd period - Stopped by Carter Hart without a rebound.
7:02 of 3rd period - Sam Carrick wins face-off versus Tyler Bozak in Condors zone.
7:11 of 3rd period - Snap shot by Kerby Rychel.
7:11 of 3rd period - Stopped by Carter Hart with a rebound.
7:13 of 3rd period - Snap shot by Kerby Rychel.
7:13 of 3rd period - Shot Misses the Net.
7:15 of 3rd period - Slapshot by Tommy Vannelli.
7:15 of 3rd period - Stopped by Carter Hart with a rebound.
7:23 of 3rd period - Wrist shot by Max Friberg.
7:23 of 3rd period - Shot Blocked by Jake Virtanen.
7:25 of 3rd period - Slapshot by Derek Forbort.
7:25 of 3rd period - Stopped by Carter Hart with a rebound.
7:37 of 3rd period - Snap shot by Sam Carrick.
7:37 of 3rd period - Shot Blocked by Brett Lernout.
8:01 of 3rd period - Wrist shot by Sam Carrick.
8:01 of 3rd period - Stopped by Carter Hart without a rebound.
8:02 of 3rd period - Vincent Dunn wins face-off versus Phil McRae in Condors zone.
8:03 of 3rd period - Snap shot by Mike Hoffman.
8:03 of 3rd period - Shot Blocked by Phil McRae.
8:31 of 3rd period - Off-side.
8:32 of 3rd period - Michael Rasmussen wins face-off versus Colby Cave in neutral zone.
8:47 of 3rd period - Wrist shot by Adam Erne.
8:47 of 3rd period - Stopped by Sami Aittokallio with a rebound.
9:07 of 3rd period - Snap shot by Jamie McGinn.
9:07 of 3rd period - Stopped by Carter Hart with a rebound.
9:09 of 3rd period - Slapshot by Joey Laleggia.
9:09 of 3rd period - Shot Misses the Net.
9:38 of 3rd period - Snap shot by Jamie McGinn.
9:38 of 3rd period - Shot Misses the Net.
9:40 of 3rd period - Backhand shot by Jamie McGinn.
9:40 of 3rd period - Deflect By Colby Cave.
9:40 of 3rd period - Shot Blocked by Emil Djuse.
9:40 of 3rd period - Puck is out of play.
9:41 of 3rd period - Tyler Bozak wins face-off versus Sam Carrick in Condors zone.
9:45 of 3rd period - Off-side.
9:46 of 3rd period - Robby Fabbri wins face-off versus Sam Carrick in neutral zone.
11:04 of 3rd period - Snap shot by Alexandre Carrier.
11:04 of 3rd period - Deflect By Sam Carrick.
11:04 of 3rd period - Stopped by Sami Aittokallio with a rebound.
11:16 of 3rd period - Michael Prapavessis is hit by Robby Fabbri and loses puck.
11:27 of 3rd period - Snap shot by Jake Virtanen.
11:27 of 3rd period - Stopped by Sami Aittokallio with a rebound.
12:03 of 3rd period - Snap shot by Nicolas Aube-Kubel.
12:03 of 3rd period - Stopped by Carter Hart without a rebound.
12:04 of 3rd period - Angelo Esposito wins face-off versus Michael Rasmussen in Condors zone.
12:27 of 3rd period - Snap shot by Clayton Keller.
12:27 of 3rd period - Stopped by Sami Aittokallio without a rebound.
12:28 of 3rd period - Sam Carrick wins face-off versus Tyler Bozak in Bears zone.
12:53 of 3rd period - Robby Fabbri is hit by Austin Czarnik and loses puck.
13:16 of 3rd period - Wrist shot by Jake Virtanen.
13:16 of 3rd period - Deflect By Tyler Bozak.
13:16 of 3rd period - Shot Misses the Net.
13:16 of 3rd period - Puck is out of play.
13:17 of 3rd period - Sam Carrick wins face-off versus Mark Jankowski in Bears zone.
14:39 of 3rd period - Patrik Laine is hit by Jamie McGinn and loses puck.
15:20 of 3rd period - Wrist shot by Mark Jankowski.
15:20 of 3rd period - Shot Misses the Net.
16:18 of 3rd period - Snap shot by Anton Slepyshev.
16:18 of 3rd period - Shot Misses the Net.
16:20 of 3rd period - Snap shot by Anton Slepyshev.
16:20 of 3rd period - Shot Blocked by Sam Carrick.
16:45 of 3rd period - Icing by Anton Slepyshev.
16:46 of 3rd period - Vincent Dunn wins face-off versus Mark Jankowski in Condors zone.
16:47 of 3rd period - Wrist shot by Joshua Leivo.
16:47 of 3rd period - Goal by Joshua Leivo - Condors : 4 - Bears : 5.
16:48 of 3rd period - Vincent Dunn wins face-off versus Phil McRae in neutral zone.
17:13 of 3rd period - Wrist shot by Robby Fabbri.
17:13 of 3rd period - Stopped by Sami Aittokallio without a rebound.
17:14 of 3rd period - Sam Carrick wins face-off versus Tyler Bozak in Bears zone.
17:14 of 3rd period - Sam Carrick is hit by Alexandre Carrier.
17:21 of 3rd period - Off-side.
17:22 of 3rd period - Phil McRae wins face-off versus Vincent Dunn in neutral zone.
17:25 of 3rd period - Slapshot by Brett Lernout.
17:25 of 3rd period - Shot Blocked by Mike Hoffman.
17:27 of 3rd period - Snap shot by Phil McRae.
17:27 of 3rd period - Goal by Phil McRae - Condors : 5 - Bears : 5.
17:28 of 3rd period - Phil McRae wins face-off versus Vincent Dunn in neutral zone.
18:01 of 3rd period - Snap shot by Jake Virtanen.
18:01 of 3rd period - Stopped by Sami Aittokallio with a rebound.
18:03 of 3rd period - Wrist shot by Robby Fabbri.
18:03 of 3rd period - Stopped by Sami Aittokallio without a rebound.
18:04 of 3rd period - Phil McRae wins face-off versus Joshua Leivo in Bears zone.
19:03 of 3rd period - Slapshot by Jake Virtanen.
19:03 of 3rd period - Shot Misses the Net.
19:05 of 3rd period - Snap shot by Tyler Bozak.
19:05 of 3rd period - Shot Misses the Net.
19:29 of 3rd period - Snap shot by Joshua Leivo.
19:29 of 3rd period - Shot Blocked by Zac Leslie.
19:31 of 3rd period - Backhand shot by Joey Laleggia.
19:31 of 3rd period - Shot Blocked by Brett Lernout.
19:33 of 3rd period - Slapshot by Mikko Vainonen.
19:33 of 3rd period - Stopped by Carter Hart with a rebound.
Goals for this period are 1 for Condors vs 2 for Bears.
Shots for this period are 11 for Condors vs 17 for Bears.
Overtime #1
0:01 of 1st overtime period - Mark Jankowski wins face-off versus Sam Carrick in neutral zone.
3:54 of 1st overtime period - Angelo Esposito is hit by Robby Fabbri and loses puck.
4:52 of 1st overtime period - Adam Erne is hit by Gianluca Curcuruto and loses puck.
Goals for this period are 0 for Condors vs 0 for Bears.
Shots for this period are 0 for Condors vs 0 for Bears.
ShootOut
5:00 of 1st overtime period - Round #1.
5:00 of 1st overtime period - Condors, Anton Slepyshev.
5:00 of 1st overtime period - Wrist shot by Anton Slepyshev.
5:00 of 1st overtime period - Goal by Anton Slepyshev.
5:00 of 1st overtime period - Bears, Joshua Leivo.
5:00 of 1st overtime period - Deke by Joshua Leivo.
5:00 of 1st overtime period - Goal by Joshua Leivo.
5:00 of 1st overtime period - Round #2.
5:00 of 1st overtime period - Condors, Jake Virtanen.
5:00 of 1st overtime period - Backhand shot by Jake Virtanen.
5:00 of 1st overtime period - Stopped by Sami Aittokallio.
5:00 of 1st overtime period - Bears, Nicolas Aube-Kubel.
5:00 of 1st overtime period - Wrist shot by Nicolas Aube-Kubel.
5:00 of 1st overtime period - Shot Misses the Net.
5:00 of 1st overtime period - Round #3.
5:00 of 1st overtime period - Condors, Robby Fabbri.
5:00 of 1st overtime period - Snap shot by Robby Fabbri.
5:00 of 1st overtime period - Stopped by Sami Aittokallio.
5:00 of 1st overtime period - Bears, A.J. Jenks.
5:00 of 1st overtime period - Snap shot by A.J. Jenks.
5:00 of 1st overtime period - Goal by A.J. Jenks.
Output by the SimonT Hockey Simulator (STHS) for Francois Prevost